 Dungeon Crawl Stone Soup version 0.26.1-11-gd32895ea62 (webtiles) character file.

Game seed: 7619227139031330545

138 Zeld the Chucker (level 5, -30/50 HPs)
             Began as a Troll Hunter on June 7, 2021.
             Engulfed by a cloud of flame (32 damage)
             ... on level 3 of the Dungeon.
             The game lasted 00:02:50 (3443 turns).

Zeld the Chucker (Troll Hunter)                     Turns: 3443, Time: 00:02:51

Health: -30/50     AC:  6    Str: 21    XL:     5   Next: 1%
Magic:  5/13       EV: 10    Int:  7    God:
Gold:   185        SH:  0    Dex: 10    Spells: 4/4 levels left

rFire    . . .     SeeInvis .   (no weapon)
rCold    . . .     Faith    .   (no shield)
rNeg     . . .     Spirit   .   s - +0 robe "Kuju" {Harm *Slow MP+9 Slay+5}
rPois    .         Reflect  .   (helmet restricted)
rElec    .         Harm     +   (no cloak)
rCorr    .         Rampage  .   (gloves unavailable)
Will     .....                  (boots unavailable)
Stlth    +.........             (no amulet)
HPRegen  0.56/turn              (no ring)
MPRegen  0.13/turn              (no ring)

@: slowed, very slow
A: large, unfitting armour, claws 3, regeneration 1, shaggy fur 1, tough skin 3
a: no special abilities


You were on level 3 of the Dungeon.
You visited 1 branch of the dungeon, and saw 3 of its levels.

You collected 185 gold pieces.

Inventory:

Missiles
 c - 5 large rocks (quivered)
 d - 2 throwing nets
Armour
 b - a +1 robe of willpower
 s - the +0 robe "Kuju" (worn) {Harm *Slow MP+9 Slay+5}
   (You found it on level 3 of the Dungeon)

   It affects your accuracy and damage with ranged weapons and melee attacks
   (+5).
   It affects your magic capacity (+9).
   It may slow you when you take damage.
   It increases damage dealt and taken.
Jewellery
 o - an uncursed amulet of guardian spirit {unknown}
 q - an uncursed ring of protection from cold {unknown}
Scrolls
 e - 2 scrolls of identify {unknown}
 f - a scroll of immolation {unknown}
 h - a scroll of fog {unknown}
 i - 3 scrolls of remove curse {unknown}
 k - 2 scrolls of enchant weapon {unknown}
 l - 3 scrolls of fear {unknown}
 n - 2 scrolls of blinking {unknown}
 p - a scroll of teleportation {unknown}
 r - a scroll of magic mapping {unknown}
Potions
 a - a potion of heal wounds {unknown}
 g - a potion of degeneration {unknown}
 j - 3 potions of might {unknown}
 m - a potion of brilliance {unknown}


   Skills:
 + Level 2.4 Fighting
 * Level 4.8 Throwing
 + Level 2.5 Dodging
 - Level 0.3 Stealth


You had 4 spell levels left.
You didn't know any spells.
Your spell library was empty.

Dungeon Overview and Level Annotations

Branches:
Dungeon (3/15)

Altars:
Elyvilon
Qazlal
Ru
Uskayaw
Vehumet
Zin


Innate Abilities, Weirdness & Mutations

You are too large for most types of armour.
You have claws for hands.
Your natural rate of healing is unusually fast.
You are covered in fur. (AC +1)
You have extremely tough skin. (AC +3)


Message History

You continue taking off your +1 robe of willpower. x4
You finish taking off your +1 robe of willpower.
You feel less strong-willed.
You start putting on your armour.
You continue putting on your transparent robe. x5
You finish putting on the +0 robe "Kuju" {Harm *Slow MP+9 Slay+5}.
Drop what? 19/52 slots (_ for help) (? for menu, Esc to quit)
Okay, then.
Really walk into a travel-excluded area?
Really walk into that cloud of flame?
Okay, then.
You are engulfed in blazing flames.
You are engulfed in blazing flames.
You feel yourself slow down.
Really walk into that cloud of flame?
Okay, then.
You are engulfed in blazing flames.
* * * LOW HITPOINT WARNING * * *
You are engulfed in blazing flames.
Ouch! That really hurt!
You die...

#....### #...## ##.......##
.....# ###..# ##.#####..#
.....#######..## #...# ##.#
...............# #§§○# #.#
####.#...###.### #§°○# #.#
#.#...# #.# #°○°# #.# #....>#
#.#######...#####.# ##....#
#....○§☼.....☼§○..# #....#
#.#..@§§.....°°...#
#####....#
#.##.°☼°.....○○☼.##
.........###.#######...######
####...<.......# #☼§○#
...............# #○§☼#
######.........# #☼°°#
###.......#####...# ##
#..............## .#
##.....#########


There were no monsters in sight!

Vanquished Creatures
  Jessica (D:2)
  4 adders
  An ooze (D:1)
  3 worms (D:2)
  2 dart slugs (D:2)
  A leopard gecko (D:2)
  An orc (D:3)
  10 bats
  5 giant cockroaches
  A goblin (D:3)
  4 hobgoblins
  3 jackals (D:3)
  10 kobolds
  2 frilled lizards
  14 rats
62 creatures vanquished.

Notes
Turn   | Place    | Note
-------+----------+-------------------------------------------
     0 | D:1      | Zeld the Troll Hunter began the quest for the Orb.
     0 | D:1      | Reached XP level 1. HP: 19/19 MP: 0/0
   356 | D:1      | Reached XP level 2. HP: 28/28 MP: 1/1
   806 | D:2      | Reached skill level 4 in Throwing
  1066 | D:2      | Reached XP level 3. HP: 33/35 MP: 2/2
  1270 | D:2      | Noticed Jessica
  1281 | D:2      | Killed Jessica
  1461 | D:2      | Reached XP level 4. HP: 40/42 MP: 3/3
  1660 | D:2      | Found a faded altar of an unknown god.
  2017 | D:3      | Found a white marble altar of Elyvilon.
  2061 | D:3      | Found a radiant altar of Vehumet.
  2113 | D:3      | Found a sacrificial altar of Ru.
  2210 | D:3      | Found a glowing silver altar of Zin.
  2237 | D:3      | Found a stormy altar of Qazlal.
  2305 | D:3      | Reached XP level 5. HP: 50/50 MP: 4/4
  2419 | D:3      | Noticed a +0 hand axe
  2419 | D:3      | Noticed a +0 dagger
  2423 | D:3      | Found a hide-covered altar of Uskayaw.
  3424 | D:3      | Got a transparent robe
  3435 | D:3      | Identified the +0 robe "Kuju" {Harm *Slow MP+9 Slay+5} (You
                  | found it on level 3 of the Dungeon)
  3442 | D:3      | HP: 2/50 [something (21)]
  3443 | D:3      | Engulfed by a cloud of flame

Illustrated notes

Levels and vault maps discovered:
D:1:      minmay_arrival_four_loops, layout_basic
D:2:      layout_basic, chequers_ecumenical_altar_simple, uniq_jessica
D:3:      layout_rooms, general_overflow_altar, zin_statuary,
          lemuel_doored_altar, lemuel_coloured_pillars_altar,
          nicolae_overflow_hidden_temple, dancing_weapons_uskayaw,
          minmay_crystal_water, serial_park_tiny_pond, lemuel_flame_loot_1

Skill      XL: |  1  2 |
---------------+-------+-----
Throwing       | 4 |  4.8
Fighting       | 2 |  2.4
Dodging        | 2 |  2.5
Stealth        | |  0.3

Action                   |  1- 3 |  4- 6 || total
-------------------------+-------+-------++-------
Melee: Unarmed           |   138 |   114 ||   252
 Stab: Sleeping          |       |     1 ||     1
Armor: Robe              |    56 |    47 ||   103
Dodge: Dodged            |    63 |    65 ||   128
